 Dungeon Crawl Stone Soup version 0.28.0-49-g6dfe1f597d (webtiles) character file.

Game seed: 15386309580969085467

87 Descartes the Grasshopper (level 4, -4/33 HPs)
             Began as a Formicid Warper on May 15, 2022.
             Slain by a gnoll
             ... wielding a +2 spear of flaming
              (5 damage)
             ... on level 2 of the Dungeon.
             The game lasted 00:03:45 (2616 turns).

Descartes the Grasshopper (Formicid Warper)         Turns: 2616, Time: 00:03:46

Health: -4/33      AC:  8    Str: 17    XL:     4   Next: 80%
Magic:  7/7        EV:  5    Int: 13    God:
Gold:   91         SH:  0    Dex: 10    Spells: 7/7 levels left

rFire   . . .      SeeInvis +   a - +0 hand axe
rCold   . . .      Faith    .   k - +0 kite shield
rNeg    . . .      Spirit   .   m - +0 chain mail
rPois   .          Reflect  .   (helmet unavailable)
rElec   .          Harm     .   (no cloak)
rCorr   .          Rampage  .   (no gloves)
Will    .....                   (no boots)
Stlth   ..........              (no amulet)
HPRegen 0.11/turn               (no ring)
MPRegen 0.10/turn               (no ring)

@: confused
A: permanent stasis, dig shafts and tunnels, antennae 3, four strong arms
a: Dig, Shaft Self


You were on level 2 of the Dungeon.
You visited 1 branch of the dungeon, and saw 3 of its levels.

You collected 91 gold pieces.

Inventory:

Hand Weapons
 a - a +0 hand axe (weapon)
Missiles
 c - 5 boomerangs of dispersal (quivered)
 e - 16 stones
 l - 34 arrows
Armour
 k - a +0 kite shield (worn)
 m - a +0 chain mail (worn)
Scrolls
 f - a scroll of brand weapon {unknown}
 g - a scroll of identify {unknown}
 i - a scroll of holy word {unknown}
Potions
 b - a potion of curing {unknown}
 d - 2 potions of berserk rage {unknown}
 h - 3 potions of brilliance {unknown}
 j - a potion of might {unknown}
 n - a potion of invisibility {unknown}


   Skills:
 - Level 2.1 Fighting
 + Level 2.6 Axes
 - Level 1.0 Throwing
 + Level 2.2 Armour
 - Level 1.7 Dodging
 + Level 1.9 Shields
 - Level 2.1 Spellcasting
 + Level 3.1 Translocations
 + Level 1.6 Evocations


You had 7 spell levels left.
You didn't know any spells.
Your spell library contained the following spells:

 Spells                   Type           Power      Damage    Failure   Level
 Magic Dart               Conj           4%         1d3       100%        1
 Call Imp                 Summ           1%         N/A       100%        2
 Call Canine Familiar     Summ           1%         N/A       100%        3
 Gell's Gravitas          Tloc           9%         N/A       100%        3
 Lesser Beckoning         Tloc           9%         N/A       100%        3
 Mephitic Cloud           Conj/Pois/Air  1%         N/A       100%        3
 Portal Projectile        Hex/Tloc       10%        N/A       100%        3
 Teleport Other           Tloc           9%         N/A       100%        3
 Leda's Liquefaction      Hex/Erth       0%         N/A       100%        4
 Summon Lightning Spire   Summ/Air       1%         N/A       100%        4
 Manifold Assault         Tloc           9%         N/A       100%        5
 Storm Form               Tmut/Air       0%         N/A       100%        7
 Maxwell's Capacitive Co  Air            0%         ∞         100%        8
 Blink                    Tloc           Unusable   N/A       N/A         2

Dungeon Overview and Level Annotations

Branches:
Dungeon (3/15)

Altars:
The Shining One


Innate Abilities, Weirdness & Mutations

You cannot be hasted, slowed, berserked, paralysed or teleported.
You can dig through walls and to a lower floor.
You have a pair of large antennae on your head. (SInv)
Your four strong arms can wield two-handed weapons with a shield.


Message History

You climb downwards.
An orc comes into view. It is wielding a +0 whip.
There is a stone staircase leading up here.
The orc shouts!
You hear a shout!
You hear an angry hiss.
The gnoll hits you from afar with a +2 spear of flaming!
The gnoll burns you. You block the gnoll's attack.
The orc wizard hits you but does no damage.
The gnoll hits you with a +2 spear of flaming.
The gnoll burns you.
There is a stone staircase leading up, spattered with blood here.
The orc wizard hits you but does no damage.
You are poisoned.
The gnoll hits you with a +2 spear of flaming.
The gnoll burns you.
You climb upwards.
You feel very sick.
There is a stone staircase leading down here.
You feel sick.
The orc wizard casts a spell.
The orc wizard flickers and vanishes for a moment.
You block the gnoll's attack.
You feel sick. The gnoll hits you but does no damage.
You feel sick.
The gnoll hits you from afar with a +2 spear of flaming.
* * * LOW HITPOINT WARNING * * *
The gnoll burns you.
* * * LOW HITPOINT WARNING * * *
You feel sick.
You feel sick.
You feel sick.
You are no longer poisoned.
The orc wizard casts a spell at you.
You are confused.
You're too confused to move!
The orc wizard points at you and mumbles some strange words.
The puff of flame hits you.
* * * LOW HITPOINT WARNING * * *
The gnoll hits you from afar with a +2 spear of flaming.
You die...

####...##
#####...###########.##
##......# #...# #......
##.#..[.# #...# #.....#
##.#....# #...# #.....#
...#....# ##.## #.._...
...##.#.# #...### #.....#
........########.#...###
#......
...#####.......#.......##
#...... ..##
##..##.....@.......######.##
###
##...##.##.##o##.##..#####.##
#.......##.##g#...#.....##.##
##..<#####.##..._.....#.##...
##..#####.##.#...#.#.#.#####
#........#..##.##.#....#
#..#######.............#
####.### ##..##.##.#....#
#......# #......#....####


You could see an orc wizard (invisible) and a gnoll.

Vanquished Creatures
  An orc wizard (D:2)
  An adder (D:2)
  An adder skeleton (D:2)
  A dart slug (D:1)
  3 orcs (D:2)
  2 ball pythons
  8 endoplasms
  A giant cockroach (D:1)
  3 goblins (D:1)
  6 hobgoblins
  3 jackals (D:2)
  2 kobolds (D:1)
  2 quokkas (D:1)
  3 bats (D:1)
  5 rats
42 creatures vanquished.

Notes
Turn   | Place    | Note
-------+----------+-------------------------------------------
     0 | D:1      | Descartes the Formicid Warper began the quest for the Orb.
     0 | D:1      | Reached XP level 1. HP: 16/16 MP: 3/3
    38 | D:1      | Reached XP level 2. HP: 12/22 MP: 5/5
   452 | D:1      | Reached skill level 1 in Shields
   564 | D:1      | Reached skill level 1 in Evocations
   564 | D:1      | Reached XP level 3. HP: 27/27 MP: 6/6
  1296 | D:2      | Found a faded altar of an unknown god.
  1429 | D:2      | Reached skill level 3 in Translocations
  1606 | D:2      | Found a glowing golden altar of the Shining One.
  1632 | D:2      | Reached XP level 4. HP: 13/33 MP: 7/7
  2616 | D:2      | HP: 1/33 [orc wizard/puff of flame (1)]
  2616 | D:2      | Slain by a gnoll

Illustrated notes

Levels and vault maps discovered:
D:1:      onia_arrival_handbag, layout_loops_ring
D:2:      layout_loops_cross, ebering_ecumenical_altar_box, basic_altar
D:3:      minmay_evil_eye, layout_rooms, uniq_sigmund

Skill      XL: |  1  2  3 |
---------------+----------+-----
Shields        | 1 |  1.9
Evocations     | 1 |  1.6
Translocations | 3 |  3.1
Armour         | 2 |  2.2
Fighting       | |  2.1
Axes           | |  2.6
Throwing       | |  1.0
Dodging        | |  1.7
Spellcasting   | |  2.1

Action                   |  1- 3 |  4- 6 || total
-------------------------+-------+-------++-------
Melee: Hand axe          |    91 |    63 ||   154
Armor: Leather armour    |    26 |       ||    26
       Chain mail        |       |    38 ||    38
Dodge: Dodged            |    63 |    17 ||    80
Block: Kite shield       |     6 |    25 ||    31
